 Seeded DCSS version 0.29.1-2-gbd0b4ee654 (webtiles) character file.

Game seed: 1 (custom seed)

546 Kazon the Slasher (level 7, -3/51 HPs)
             Began as an Octopode Berserker on Nov 25, 2022.
             Was a Believer of Trog.
             Shot with an arrow by a centaur (8 damage)
             ... on level 5 of the Dungeon.
             The game lasted 00:11:02 (2113 turns).

Kazon the Slasher (Octopode Berserker)              Turns: 2113, Time: 00:11:03

Health: -3/51      AC:  2    Str: 16    XL:     7   Next: 28%
Magic:  6/7        EV: 14    Int:  9    God:    Trog [**....]
Gold:   70         SH:  0    Dex: 11    Spells: 6/6 levels left

rFire   . . .      SeeInvis .   e - +2 dagger (venom)
rCold   . . .      Faith    .   (no shield)
rNeg    + . .      Spirit   .   g - +1 hat of the Bruised Suns {Harm +Blink Regen+ Dex-3}
rPois   .          Reflect  .   c - amulet of the acrobat
rElec   .          Harm     +   n - ring of positive energy
rCorr   .          Rampage  .   (no ring)
Will    .....                   (no ring)
Stlth   +++.......              (no ring)
HPRegen 0.97/turn               (no ring)
MPRegen 0.10/turn               (no ring)
                                (no ring)
                                (no ring)

@: on blink cooldown
A: almost no armour, amphibious, 8 rings, camouflage 1, gelatinous body 1,
(nimble swimmer 1), tentacles
a: Renounce Religion, Evoke Blink, Berserk, Trog's Hand


You were on level 5 of the Dungeon.
You worshipped Trog.
Trog was pleased with you.
You visited 1 branch of the dungeon, and saw 6 of its levels.

You collected 254 gold pieces.
You spent 184 gold pieces at shops.

Inventory:

Hand Weapons
 a - a +0 falchion
 e - a +2 dagger of venom (weapon)
 s - the +3 falchion of Winter {venom, rCorr}
   (You bought it in a shop on level 3 of the Dungeon)

   It poisons the flesh of those it strikes.
   rCorr:     It protects you from acid and corrosion.
Missiles
 h - 6 stones (quivered)
 l - 5 boomerangs
Armour
 g - the +1 hat of the Bruised Suns (worn) {Harm +Blink Regen+ Dex-3}
   (You acquired it on level 1 of the Dungeon)

   Dex:       It affects your dexterity (-3).
   +Blink:    It lets you blink.
   Regen:     It increases your rate of health regeneration.
   Harm:      It increases damage dealt and taken.
 q - a +0 buckler
Jewellery
 c - an amulet of the acrobat (around mantle)
 n - a ring of positive energy (left tentacle)
Scrolls
 i - 6 scrolls of identify {unknown}
 j - a scroll of immolation {unknown}
 m - a scroll of fog {unknown}
 o - a scroll of noise {unknown}
Potions
 b - 2 potions of berserk rage {unknown}
 d - a potion of haste {unknown}
 f - a potion of attraction {unknown}
 k - a potion of flight {unknown}
 p - a potion of degeneration {unknown}


   Skills:
 + Level 5.9 Fighting
 + Level 4.4(5.9) Short Blades
 + Level 6.0(6.7) Long Blades
 + Level 4.6 Throwing
 + Level 5.9 Dodging
 + Level 3.3 Stealth
 + Level 4.3 Shields
 * Level 5.1 Evocations


You had 6 spell levels left.
You didn't know any spells.
Your spell library was empty.

Dungeon Overview and Level Annotations

Branches:
Dungeon (6/15)
 Temple: D:4-7

Altars:

Shops:
D:3 (


Innate Abilities, Weirdness & Mutations

You cannot wear most types of armour.
You are amphibious.
You can wear up to eight rings at the same time.
Your skin changes colour to match your surroundings (Stealth+).
Your rubbery body absorbs attacks. (AC +1, EV +1)
((You are camouflaged when in or above water. (Stealth+)))
You have tentacles for arms and can constrict up to eight enemies at once.


Message History

The gnoll barely misses you.
You hit the gnoll but do no damage.
The gnoll looks as sick as possible!
You grab the gnoll.
The gnoll is heavily wounded.
You constrict the gnoll. x2
You kill the gnoll!
Trog accepts your kill.
You hit the gnoll but do no damage.
The gnoll is poisoned.
The gnoll is heavily wounded.
You constrict the gnoll. The gnoll barely misses you. x2
The centaur wields a +0 shortbow.
The centaur shoots an arrow.
The arrow closely misses you.
You hit the gnoll. You grab the gnoll.
The gnoll is heavily wounded.
You constrict the gnoll, but do no damage. x2
The gnoll barely misses you. The gnoll closely misses you.
You hit the gnoll.
You tentacle-slap the gnoll, but do no damage.
The gnoll is severely wounded.
You constrict the gnoll.
You kill the gnoll!
Trog accepts your kill.
You constrict the gnoll, but do no damage.
The centaur shoots an arrow.
The arrow hits you!
You hit the gnoll.
The gnoll is poisoned.
The gnoll is severely wounded.
You constrict the gnoll. The gnoll closely misses you.
Unknown command.
You hit the gnoll.
The gnoll looks as sick as possible!
The gnoll is almost dead.
You constrict the gnoll.
You kill the gnoll!
Trog accepts your kill.
The centaur shoots an arrow.
The arrow hits you but does no damage.
A sky beast comes into view.
The centaur shoots an arrow.
The arrow hits you!
* * * LOW HITPOINT WARNING * * *
Unknown command.
You blink.
The centaur shoots an arrow.
The arrow hits you!
You die...

...# #..# #..#
#..# ##..#####
##.......##
#.........#
##.........#
##@........##
##..#.......#
##)..##......##
#.)ยง########..##
#.)## ##..## #..#
##..# #.c# #..##
#... ##..## #
.Y.. ##..##.


You could see a centaur.

Vanquished Creatures
  Menkaure (D:5)
  A scorpion (D:5)
  An orc priest (D:3)
  Robin (D:3)
  6 gnolls
  4 adders
  2 worms
  4 orcs (D:3)
  9 endoplasms
  A giant cockroach (D:1)
  13 goblins
  7 hobgoblins
  3 kobolds
  A quokka (D:1)
  3 ball pythons
  4 bats
  3 frilled lizards
  6 rats
70 creatures vanquished.

Notes
Turn   | Place    | Note
-------+----------+-------------------------------------------
     0 | D:1      | Kazon the Octopode Berserker began the quest for the Orb.
     0 | D:1      | Reached XP level 1. HP: 16/16 MP: 1/1
    33 | D:1      | Identified a scroll of acquirement
    33 | D:1      | Acquired the +1 hat of the Bruised Suns {Harm +Blink Regen+
                  | Dex-3}
   179 | D:1      | Reached XP level 2. HP: 21/21 MP: 2/2
   680 | D:2      | Reached XP level 3. HP: 5/26 MP: 3/3
   859 | D:2      | Reached ** piety under Trog
  1075 | D:2      | Reached XP level 4. HP: 31/31 MP: 4/4
  1097 | D:2      | Reached skill level 1 in Stealth
  1159 | D:2      | Reached skill level 1 in Throwing
  1319 | D:3      | Reached skill level 1 in Evocations
  1319 | D:3      | Reached XP level 5. HP: 36/36 MP: 5/5
  1460 | D:3      | Noticed Robin
  1463 | D:3      | Reached skill level 4 in Long Blades
  1465 | D:3      | Killed Robin
  1675 | D:3      | Reached skill level 5 in Fighting
  1675 | D:3      | Reached skill level 6 in Long Blades
  1675 | D:3      | Reached skill level 5 in Dodging
  1675 | D:3      | Reached skill level 5 in Evocations
  1675 | D:3      | Reached XP level 6. HP: 46/46 MP: 6/6
  1732 | D:3      | Found Umat's Antique Weapon Boutique.
  1759 | D:3      | Bought a crude falchion for 184 gold pieces
  1759 | D:3      | Identified the +3 falchion of Winter {venom, rCorr} (You
                  | bought it in a shop on level 3 of the Dungeon)
  2043 | D:4      | You fall into a shaft and drop 2 floors!
  2045 | D:6      | Noticed an orc warrior
  2050 | D:5      | Entered Level 5 of the Dungeon
  2053 | D:5      | Noticed Menkaure
  2061 | D:5      | Killed Menkaure
  2062 | D:5      | Reached XP level 7. HP: 51/51 MP: 7/7
  2113 | D:5      | Shot with an arrow by a centaur

Illustrated notes

Levels and vault maps discovered:
D:1:      dpeg_arrival_three_smaller_balls, layout_basic
D:2:      layout_loops_ring
D:3:      layout_basic, serial_shops, nicolae_shop_stone, st_stairs_9,
          minmay_misc_feat_doors, eino_curves_03, uniq_robin
D:4:      minmay_wonky_spiral, layout_basic,
          mainiacjoe_overflow_surrounded_room, minivault_5
D:5:      layout_cave_pods, uniq_menkaure, uniq_eustachio
D:6:      cheibrodos_barr_body, layout_basic, minmay_crystal_room,
          minmay_pentangle, uniq_maggie, uniq_edmund

Skill      XL: |  1  2  3  4  5  6 |
---------------+-------------------+-----
Stealth        | 1 2 3 |  3.3
Throwing       | 1 4 |  4.6
Evocations     | 1 5 |  5.1
Long Blades    | 6 |  6.0
Fighting       | 5 |  5.9
Short Blades   | 4 |  4.4
Dodging        | 5 |  5.9
Shields        | 4 |  4.3

Action                   |  1- 3 |  4- 6 |  7- 9 || total
-------------------------+-------+-------+-------++-------
Melee: Falchion          |    55 |     4 |       ||    59
       Constrict         |    14 |    18 |     3 ||    35
       Tentacles         |     9 |    11 |       ||    20
       Dagger            |     3 |    56 |     8 ||    67
       Punch             |       |       |     1 ||     1
Throw: Stone             |     1 |    16 |     6 ||    23
 Abil: Evoke Blink       |       |       |     1 ||     1
  Use: Scroll            |     1 |       |       ||     1
       Potion            |       |     1 |       ||     1
 Stab: Sleeping          |     7 |     7 |       ||    14
Armor: Skin              |     8 |     2 |     1 ||    11
Dodge: Dodged            |    33 |    29 |    10 ||    72
